Map: [ESL] Data-C

Players

PappiJoe - Winner!

  • Race: Protoss Protoss
  • Spawn Location: 3:00

BabyMarine

  • Race: Terran Terran
  • Spawn Location: 9:00

Event: DreamHack SC2 Masters 2022 Valencia

VOD

Have the link to the VOD?

Description

Time

  • Played on: July 1, 2022, 6:55 a.m.
  • Length: 13:51

All games in this series

Show
View Real Time Build Order
Export as new Build Order

PappiJoe Protoss - Winner!

Build Orders: 1 Gate Expand, Phoenix Opening, Colossus Rush 

Get SALT Encoding   

  12  0:00  Probe  
  13  0:12  Probe  
  14  0:17  Pylon  
  14  0:24  Probe  
  15  0:31  Assimilator  
  15  0:36  Probe (Chrono Boost)  
  15  0:42  Gateway  
  16  0:49  Probe (Chrono Boost)  
  17  0:54  Probe (Chrono Boost)  
  18  1:05  Probe  
  19  1:17  Probe  
  20  1:22  Nexus  
  20  1:31  Cybernetics Core  
  20  1:34  Probe  
  21  1:40  Assimilator  
  21  1:47  Probe  
  22  1:51  Pylon  
  22  1:59  Probe  
  23  2:06  Stalker (Chrono Boost)  
  23  2:09  Warp Gate  
  23  2:12  Shield Battery  
  23  2:14  Probe  
  26  2:22  Shield Battery  
  26  2:27  Probe  
  27  2:32  Stalker (Chrono Boost)  
  27  2:35  Probe  
  30  2:41  Probe  
  31  2:47  Probe  
  32  2:53  Probe  
  33  2:59  Sentry (Chrono Boost)  
  33  3:00  Probe  
  33  3:05  Probe  
  37  3:08  Robotics Facility  
  37  3:12  Probe  
  37  3:17  Probe  
  38  3:24  Probe  
  39  3:27  Phoenix  
  39  3:29  Probe  
  39  3:30  Gateway  
  39  3:33  Gateway  
  40  3:35  Sentry  
  40  3:36  Probe  
  43  3:42  Probe  
  44  3:49  Pylon  
  44  3:55  Probe  
  45  3:56  Pylon  
  45  3:59  Probe  
  46  4:07  Probe  
  46  4:09  Nexus  
  47  4:11  Probe  
  47  4:12  Observer  
  49  4:19  Probe  
  49  4:20  Pylon  
  49  4:23  Probe, Assimilator  
  51  4:29  Robotics Bay  
  51  4:30  Assimilator  
  51  4:31  Probe  
  51  4:35  Probe  
  51  4:36  Observer (Chrono Boost)  
  54  4:41  Stalker x2  
  54  4:43  Probe  
  59  4:47  Probe  
  60  4:54  Shield Battery  
  60  4:55  Probe  
  60  4:58  Immortal (Chrono Boost)  
  65  5:00  Probe  
  62  5:07  Probe  
  62  5:12  Probe  
  64  5:19  Probe  
  64  5:21  Probe  
  66  5:24  Probe  
  66  5:25  Extended Thermal Lance  
  66  5:26  Pylon  
  67  5:32  Colossus (Chrono Boost), Probe  
  67  5:33  Probe  
  75  5:36  Probe  
  75  5:42  Pylon  
  76  5:44  Probe  
  76  5:45  Probe  
  76  5:48  Probe  
  79  5:50  Twilight Council  
  79  5:52  Forge  
  79  5:54  Sentry  
  79  5:56  Probe  
  82  5:57  Probe  
  82  6:00  Probe  
  84  6:04  Assimilator  
  84  6:06  Pylon, Assimilator  
  84  6:08  Probe  
  84  6:09  Probe  
  84  6:10  Pylon  
  84  6:11  Colossus (Chrono Boost)  
  86  6:12  Probe  
  93  6:18  Protoss Ground Weapons Level 1 (Chrono Boost)  
  93  6:25  Gateway x2  
  93  6:28  Charge (Chrono Boost)  
  93  6:35  Stalker x2  
  97  6:47  Gateway  
  97  6:48  Gateway  
  97  6:52  Gateway  
  97  6:54  Gateway  
  97  6:56  Gateway  
  97  6:57  Colossus (Chrono Boost)  
  97  7:00  Zealot x2  
  107  7:06  Templar Archives  
  107  7:13  Sentry  
  107  7:19  Pylon  
  107  7:21  Pylon  
  107  7:23  Pylon  
  107  7:25  Pylon, Shield Battery  
  107  7:29  Pylon  
  107  7:31  Pylon  
  105  7:38  Probe x3  
  105  7:42  Zealot x4  
  105  7:43  Warp Prism (Chrono Boost)  
  118  7:46  Pylon  
  118  7:47  Pylon  
  118  7:52  High Templar x3  
  118  7:53  High Templar  
  125  7:58  Pylon  
  125  8:01  Blink (Chrono Boost)  
  125  8:02  Archon x2  
  125  8:03  Zealot  
  125  8:04  Zealot x3  
  125  8:05  Zealot x2  
  133  8:21  Observer  
  133  8:27  Nexus, Pylon  
  134  8:28  Observer, High Templar x2  
  134  8:29  Pylon  
  134  8:30  Zealot x3  
  134  8:32  Zealot  
  144  8:40  Zealot x4  
  150  8:46  Archon  
  148  8:54  Zealot x2  
  152  9:01  Stalker x4  
  160  9:08  High Templar x2  
  164  9:22  Forge  
  164  9:29  Pylon  
  164  9:33  Pylon  
  164  9:35  Pylon, Archon  
  164  9:37  Pylon  
  162  9:50  Stalker x4  
  162  9:51  Zealot x6  
  180  9:53  Immortal (Chrono Boost)  
  156  10:15  Protoss Ground Weapons Level 2 (Chrono Boost)  
  156  10:18  Zealot x8  
  156  10:20  Zealot x2  
  176  10:25  Warp Prism (Chrono Boost)  
  164  10:41  High Templar x8  
  158  10:45  Archon x3  
  158  10:47  Archon, Zealot x2  
  156  10:58  Forge  
  156  11:04  Immortal  
  156  11:07  Zealot x2  
  162  11:16  Zealot x8  
  156  11:31  Stalker x2  
  154  11:33  Protoss Ground Armor Level 1 (Chrono Boost)  
  128  11:40  High Templar x2  
  128  11:41  Zealot x6  
  128  11:43  Probe x2, Colossus (Chrono Boost)  
  128  11:44  Probe  
  128  11:45  Probe  
  152  11:49  Archon  
  142  12:02  Zealot x7  
  145  12:12  Robotics Facility  
  145  12:17  High Templar x3  
  129  12:22  Zealot x2  
  129  12:23  Zealot x2  
  129  12:24  Archon  
  129  12:25  High Templar  
  129  12:27  Nexus  
  129  12:28  Archon  
  129  12:34  Zealot x2  
  139  12:44  Stalker x3, Colossus (Chrono Boost)  
  139  12:48  Zealot  
  145  12:57  Zealot x5  
  129  13:04  High Templar  
  127  13:07  High Templar  
  127  13:12  Archon  
  129  13:13  Zealot x3  
  129  13:18  Stalker x4  
  143  13:28  Zealot  
  139  13:36  Zealot x4  
  139  13:41  Zealot x4  
  129  13:46  Zealot  
  121  13:51  Zealot  
Show
View Real Time Build Order
Export as new Build Order

BabyMarine Terran 

Build Orders: Reaper Expand 

Get SALT Encoding   

  12  0:00  SCV  
  13  0:12  SCV  
  14  0:17  Supply Depot  
  14  0:24  SCV  
  15  0:39  SCV  
  15  0:41  Barracks  
  16  0:43  Refinery  
  16  0:51  SCV  
  17  1:03  SCV  
  18  1:15  SCV  
  19  1:28  Orbital Command, Reaper  
  20  1:42  Command Center  
  20  1:52  Supply Depot  
  20  2:00  Bunker  
  20  2:02  SCV  
  20  2:04  Marine  
  22  2:18  SCV  
  22  2:19  Factory  
  23  2:24  Barracks Reactor  
  23  2:31  SCV  
  24  2:39  Refinery  
  24  2:43  SCV  
  25  2:55  Orbital Command, SCV  
  26  3:07  SCV  
  26  3:09  Marine x2  
  26  3:10  Hellion, Starport  
  31  3:19  SCV  
  31  3:21  SCV  
  31  3:27  Supply Depot  
  31  3:28  Marine x2  
  31  3:31  Widow Mine  
  31  3:33  SCV  
  37  3:34  SCV  
  37  3:45  SCV, Marine x2  
  37  3:46  SCV, Medivac  
  43  3:51  Supply Depot  
  43  3:53  Widow Mine  
  45  3:58  SCV  
  46  4:03  Marine  
  46  4:04  SCV  
  46  4:08  Bunker  
  46  4:11  SCV  
  46  4:12  Barracks  
  46  4:15  Factory Tech Lab  
  47  4:19  Starport Tech Lab  
  47  4:21  SCV  
  47  4:23  SCV  
  47  4:24  Barracks  
  49  4:27  Supply Depot  
  49  4:29  Refinery  
  49  4:33  Marine  
  49  4:35  SCV  
  49  4:36  Siege Tank  
  49  4:37  Raven  
  56  4:39  SCV  
  56  4:40  Marine  
  58  4:50  Engineering Bay  
  58  4:51  SCV, Supply Depot  
  59  4:54  SCV  
  60  5:03  SCV  
  60  5:06  SCV  
  60  5:14  Marine x2  
  59  5:15  SCV  
  59  5:16  Factory Reactor  
  59  5:17  Stimpack, Marauder  
  59  5:18  SCV  
  64  5:21  Supply Depot  
  64  5:25  Combat Shield  
  64  5:27  SCV, Starport Reactor, Marauder  
  67  5:29  Refinery, Supply Depot  
  67  5:31  Marine  
  68  5:39  Marauder  
  68  5:41  SCV  
  71  5:46  Terran Infantry Weapons Level 1  
  71  5:48  Marauder  
  73  5:53  Marine, Supply Depot, Widow Mine  
  73  5:54  Marine, Widow Mine  
  79  5:57  SCV x2  
  79  5:59  Supply Depot  
  79  6:00  Marauder  
  83  6:04  Medivac  
  83  6:09  SCV x2  
  87  6:11  Marine x2, Marauder  
  87  6:17  Widow Mine x2  
  95  6:22  Marauder  
  95  6:24  SCV  
  98  6:34  Marine  
  98  6:35  Marauder  
  98  6:39  Command Center  
  101  6:43  Marauder  
  101  6:44  SCV  
  101  6:45  SCV  
  105  6:49  Barracks, Marine  
  105  6:50  Barracks, Supply Depot  
  105  6:54  Widow Mine x2  
  110  7:07  Supply Depot  
  110  7:09  Supply Depot  
  110  7:12  SCV  
  106  7:16  Marine x2, Medivac x2, Marauder  
  106  7:17  Marauder  
  106  7:18  Concussive Shells  
  106  7:20  Widow Mine  
  118  7:29  SCV x2  
  120  7:30  Engineering Bay, Armory  
  120  7:36  Barracks Reactor  
  118  7:38  Barracks Tech Lab  
  118  7:40  Marine x2, Marauder  
  118  7:41  Marauder  
  118  7:43  SCV x2  
  126  7:45  Terran Infantry Armor Level 1  
  126  7:48  Widow Mine  
  128  7:52  Orbital Command  
  128  8:00  Marine, Marauder  
  128  8:01  Marine  
  128  8:03  Missile Turret  
  127  8:17  Terran Infantry Weapons Level 2  
  127  8:23  Ghost Academy  
  127  8:34  Marine x2  
  127  8:35  Marauder x2  
  127  8:39  Bunker  
  127  8:40  Supply Depot  
  133  8:44  Viking x2  
  133  8:48  Marine, Supply Depot  
  137  8:49  Supply Depot, Marauder  
  137  8:52  Bunker  
  137  8:53  Bunker  
  140  8:57  SCV x3  
  140  8:58  Refinery x2  
  143  9:04  Missile Turret  
  143  9:09  SCV x3  
  146  9:14  Viking x2  
  148  9:17  Ghost  
  148  9:18  Ghost  
  148  9:23  Ghost  
  150  9:33  Enhanced Shockwaves  
  150  9:41  Terran Infantry Armor Level 2  
  150  9:42  Command Center  
  150  9:50  Viking x2  
  143  10:09  Ghost x2  
  143  10:11  Widow Mine x2  
  143  10:14  Marine x3, Marauder  
  149  10:19  Marine  
  149  10:20  Viking  
  149  10:21  Bunker, Supply Depot  
  157  10:24  Viking  
  159  10:32  Marine  
  146  10:36  Marauder  
  133  10:43  Marine, Marauder  
  131  10:50  Viking  
  131  10:54  Viking  
  134  10:59  Ghost x2  
  134  11:00  Marine x3  
  134  11:01  Marine  
  141  11:07  Orbital Command  
  141  11:18  Marine x2  
  122  11:19  Marauder  
  122  11:22  Orbital Command  
  122  11:24  Marine x2  
  124  11:29  Marauder x2  
  114  11:36  Marine x2  
  92  11:40  Marauder  
  92  11:42  Marine x2  
  92  11:45  Viking x2  
  100  11:48  Widow Mine x2  
  100  11:50  Marauder x2  
  100  11:54  Marine  
  108  11:57  Marine  
  93  12:01  Marauder  
  94  12:12  Widow Mine  
  94  12:13  Marine, Widow Mine  
  90  12:28  SCV x2, Marine, Marauder  
  95  12:33  Marine  
  96  12:45  Orbital Command  
  96  12:46  Viking  
  94  12:56  Marine  
  94  12:57  Marauder  
  82  12:59  Marine, Marauder  
  82  13:03  SCV x2  
  87  13:06  Marine  
  87  13:11  SCV  
  89  13:12  Marine  
  89  13:16  SCV  
  89  13:17  Marine  
  92  13:20  SCV  
  92  13:23  Marine  
  94  13:27  SCV  

Tags
 
Add a new tag
Caveats
  • Supply blocks, unpowered buildings, or Contaminate may cause inaccurate times.
  • Supply counts are checked every 10 seconds.